 Dungeon Crawl Stone Soup version 0.28-a0-317-g21599a725c (webtiles) character file.

Game seed: 17357044050839734187

17769 Breniz the Slicer (level 12, 0/108 HPs)
             Began as a Hill Orc Berserker on Sept 1, 2021.
             Was an Elder of Trog.
             Slain by a salamander (17 damage)
             ... on level 1 of the Snake Pit.
             The game lasted 01:29:16 (9245 turns).

Breniz the Slicer (Hill Orc Berserker)              Turns: 9245, Time: 01:29:20

Health: 0/108      AC: 17    Str: 28    XL:     12   Next: 51%
Magic:  12/12      EV: 11    Int: 11    God:    Trog [****..]
Gold:   633        SH:  6    Dex: 16    Spells: 11/11 levels left

rFire   . . .      SeeInvis .   R - +7 morningstar "Ikhoeki" {spect, *Corrode rN++ Int+4}
rCold   + . .      Faith    .   o - +0 buckler
rNeg    + + .      Spirit   .   J - +12 chain mail of Narcissism {Str+3}
rPois   .          Reflect  .   h - +0 helmet
rElec   .          Harm     .   (no cloak)
rCorr   .          Rampage  .   (no gloves)
Will    ++...                   (no boots)
Stlth   ..........              f - amulet of regeneration
HPRegen 2.28/turn               u - ring of protection from cold
MPRegen 0.13/turn               E - +6 ring of dexterity

@: strong-willed, corroded, on berserk cooldown, regenerating, slowed, very slow
A: no striking features
a: Renounce Religion, Berserk, Trog's Hand, Brothers in Arms


You were on level 1 of the Snake Pit.
You worshipped Trog.
Trog was greatly pleased with you.
You visited 4 branches of the dungeon, and saw 13 of its levels.

You collected 633 gold pieces.

Inventory:

Hand Weapons
 a - a +0 falchion
 c - a +0 dagger
 d - a +0 dagger
 e - a +1 short sword of protection
 g - a +0 dagger
 r - a +0 hunting sling
 s - a +0 war axe
 F - a +0 falchion of holy wrath
 I - a +0 dire flail of protection
 M - a +3 spear of freezing
 N - a +3 long sword
 R - the +7 morningstar "Ikhoeki" (weapon) {spect, *Corrode rN++ Int+4}
   (You found it on level 2 of the Lair of Beasts)

   When its wielder attacks, the weapon's spirit leaps out and strikes again.
   The spirit shares a part of any damage it takes with its wielder.
   Int:       It affects your intelligence (+4).
   rN:        It greatly protects you from negative energy.
   *Corrode:  It may corrode you when you take damage.
Missiles
 m - 111 arrows
 n - 360 stones (quivered)
 x - 28 poisoned darts
 C - 21 sling bullets
 W - 8 curare-tipped darts
 Y - 2 throwing nets
Armour
 b - a +1 animal skin
 h - a +0 helmet (worn)
 i - a +0 chain mail
 j - a +0 leather armour
 k - a +0 scale mail
 o - a +0 buckler (worn)
 q - a +0 ring mail
 z - the +3 robe of Vurir Qid {rN+ Int+2 Dex+3}
   (You found it on level 6 of the Dungeon)

   Int:       It affects your intelligence (+2).
   Dex:       It affects your dexterity (+3).
   rN:        It protects you from negative energy.
 H - a +2 ring mail of fire resistance
 J - the +12 chain mail of Narcissism (worn) {Str+3}
   (You took it off an orc warrior on level 7 of the Dungeon)

   Str:       It affects your strength (+3).
 K - a +2 barding of cold resistance
 L - a +0 plate armour
 O - a +0 robe
Magical Staves
 l - a staff of air
Jewellery
 f - an amulet of regeneration (around neck)
 u - a ring of protection from cold (left hand)
 E - a +6 ring of dexterity (right hand)
 P - an amulet of guardian spirit
 V - an amulet of faith
Wands
 A - a wand of iceblast (27)
 B - a wand of paralysis (15)
 G - a wand of charming (4)
 Q - a wand of flame (40)
Scrolls
 p - 5 scrolls of identify
 v - a scroll of fear
 w - 2 scrolls of amnesia
 y - 3 scrolls of teleportation
 D - 2 scrolls of fog
 S - a scroll of magic mapping
 T - a scroll of blinking
Potions
 t - a potion of curing
 U - 2 potions of attraction
 X - a potion of heal wounds


   Skills:
 + Level 10.8 Fighting
 + Level 11.2(11.4) Short Blades
 + Level 3.6(8.8) Long Blades
 + Level 5.6 Maces & Flails
 + Level 10.6 Armour
 + Level 4.9 Dodging
 + Level 2.5 Stealth
 + Level 7.7 Shields


You had 11 spell levels left.
You didn't know any spells.
Your spell library contained the following spells:

 Spells                   Type           Power      Damage    Failure   Level
 Passwall                 Tmut/Erth      0%         N/A       91%         2
 Dazzling Flash           Conj/Hex       0%         N/A       99%         3
 Swiftness                Air            0%         N/A       99%         3
 Iskenderun's Mystic Bla  Conj/Tloc      0%         2d3       100%        4
 Invisibility             Hex            0%         N/A       100%        6
 Starburst                Conj/Fire      0%         6d3       100%        6
 Chain Lightning          Conj/Air       0%         N/A       100%        9
 Fire Storm               Conj/Fire      0%         5d1       100%        9


Dungeon Overview and Level Annotations

Branches:
Dungeon (8/15)             Temple (1/1) D:5            Lair (3/6) D:8
  Swamp (0/4) Lair:3        Snake (1/4) Lair:3

Altars:
Ashenzari
Cheibriados
Elyvilon
Gozag
Hepliaklqana
Kikubaaqudgha
Makhleb
Nemelex Xobeh
Qazlal
Ru
Sif Muna
Trog
Uskayaw
Wu Jian
Xom
Yredelemnul
Zin
The Shining One
Beogh


Message History

You kill the anaconda!
Trog accepts your kill.
The salamander hits you from afar with a +0 glaive!!
You are engulfed in flames!
You are no longer berserk.
You are exhausted.
You feel yourself slow down.
Your ogre hits the naga with a +0 giant club!!!
The naga dies!
Trog accepts your kill.
Your ogre barely misses the salamander.
The salamander hits you from afar with a +0 glaive.
You are engulfed in flames!
Your ogre hits the salamander with a +0 giant club!
The salamander misses you.
Your skin crawls.
You feel strong-willed.
The salamander hits you from afar with a +0 glaive!
* * * LOW HITPOINT WARNING * * *
You are engulfed in flames!
* * * LOW HITPOINT WARNING * * *
Your corrosive artefact corrodes you!
You hear a shout!
You hear a shout!
The salamander hits you from afar with a +0 glaive!
* * * LOW HITPOINT WARNING * * *
You are engulfed in flames!
* * * LOW HITPOINT WARNING * * *
You hear a shout!
Your skin crawls.
You feel strong-willed.
You hear a shout!
You block the salamander's attack.
You sock the salamander!
The salamander is moderately wounded.
Your +7 morningstar "Ikhoeki" {spect, *Corrode rN++ Int+4} barely misses the salamander.
Your ogre barely misses the salamander.
You block the salamander's attack.
Your ogre closely misses the salamander.
The salamander hits you with a +0 glaive!
You die...

.5. ##.5 ###..S
#..5S ##### +.⌠.
##...# ##.
#.)###....##
...[.##'##.†.<..#
........O#......##
####...#.#@(.....#
#####.##N.....#
#....ON.O...###
#......######
#....... #........
#.........
#...........
.............


You could see a salamander (ally target), a friendly ogre (summoned, berserk)
and a friendly +7 morningstar "Ikhoeki" {spect, *Corrode rN++ Int+4} (summoned).

Vanquished Creatures
  Mlioglotl (Snake:1)
  2 hydras (Lair:1)
  An anaconda (Snake:1)
  A two-headed ogre (D:8)
  A black mamba (Snake:1)
  6 cane toads
  A rime drake (Lair:1)
  2 komodo dragons
  The ghost of ninemanmorris the Ruffian, an amateur TrBe of Trog (D:5)
  5 blink frogs (Lair:3)
  10 yaks
  Eustachio (D:6)
  3 basilisks
  3 vampire mosquitoes (D:8)
  3 nagas (Lair:3)
  7 water moccasins
  4 black bears
  An ice beast (D:7)
  2 orc warriors (D:7)
  A hornet zombie (D:7)
  4 wolves (Lair:3)
  2 centaurs
  A phantom (D:6)
  15 bullfrogs
  2 scorpions (D:8)
  A water moccasin skeleton (D:6)
  4 killer bees (D:8)
  4 wights (D:8)
  An electric eel (Lair:3)
  2 centaur zombies
  2 jellies (D:6)
  2 hounds (D:6)
  3 orc priests
  A centaur skeleton (D:7)
  4 iguanas
  7 orc wizards
  A hound zombie (D:3)
  A hound skeleton (D:5)
  A howler monkey zombie (D:8)
  3 gnolls (D:5)
  12 adders
  A shadow imp (D:8)
  2 dart slugs
  2 worms
  33 orcs
  4 bats
  2 endoplasms
  2 giant cockroaches
  3 goblins
  7 hobgoblins
  2 jackals (D:2)
  5 kobolds
  A quokka (D:1)
  22 ball pythons
  2 frilled lizards
  A rat (D:3)
218 creatures vanquished.

Vanquished Creatures (collateral kills)
  The ghost of Zaczunit the Grappler, a journeyman TrAM of Wu Jian (Lair:2)
  The ghost of voshxx the Summoner, a novice DrSu (D:7)
  2 mana vipers (Snake:1)
  A naga (Snake:1)
  An orc priest (D:7)
  2 orcs (D:7)
8 creatures vanquished.

Vanquished Creatures (others)
  54 fungi
  48 plants
102 creatures vanquished.

Grand Total: 328 creatures vanquished

Notes
Turn   | Place    | Note
-------+----------+-------------------------------------------
     0 | D:1      | Breniz the Hill Orc Berserker began the quest for the Orb.
     0 | D:1      | Reached XP level 1. HP: 19/19 MP: 1/1
   157 | D:1      | Reached XP level 2. HP: 23/27 MP: 2/2
   481 | D:1      | Reached XP level 3. HP: 33/34 MP: 3/3
   704 | D:2      | Reached ** piety under Trog
  1074 | D:2      | Found a faded altar of an unknown god.
  1103 | D:2      | Reached skill level 1 in Short Blades
  1528 | D:3      | Reached XP level 4. HP: 41/41 MP: 4/4
  1616 | D:3      | Reached skill level 2 in Short Blades
  1734 | D:3      | Reached XP level 5. HP: 47/47 MP: 5/5
  1793 | D:3      | Reached skill level 5 in Fighting
  1929 | D:3      | You fall into a shaft and drop 1 floor!
  2154 | D:4      | Reached skill level 3 in Short Blades
  2168 | D:4      | Reached XP level 6. HP: 52/56 MP: 6/6
  2237 | D:4      | Reached *** piety under Trog
  2780 | D:3      | Found a bloodstained altar of Trog.
  2780 | D:3      | Found a sacrificial altar of Ru.
  2996 | D:5      | Entered Level 5 of the Dungeon
  3064 | D:5      | Found a glowing silver altar of Zin.
  3099 | D:5      | Found a runed translucent door.
  3099 | D:5      | Noticed ninemanmorris's ghost (amateur TrBe)
  3123 | D:5      | Reached skill level 4 in Short Blades
  3141 | D:5      | Reached skill level 1 in Stealth
  3141 | D:5      | Reached XP level 7. HP: 61/61 MP: 7/7
  3164 | D:5      | Killed ninemanmorris's ghost
  3165 | D:5      | Reached skill level 1 in Shields
  3200 | D:5      | Found a runed translucent door.
  3387 | D:5      | Reached skill level 5 in Short Blades
  3446 | D:5      | Found a snail-covered altar of Cheibriados.
  3604 | D:5      | Found a staircase to the Ecumenical Temple.
  3610 | Temple   | Entered the Ecumenical Temple
  3756 | D:6      | Reached XP level 8. HP: 70/70 MP: 8/8
  3815 | D:6      | Identified the +3 robe of Vurir Qid {rN+ Int+2 Dex+3}
  3835 | D:6      | Noticed Eustachio
  3854 | D:6      | Reached skill level 5 in Armour
  3869 | D:6      | Killed Eustachio
  3884 | D:6      | Found a sparkling altar of Nemelex Xobeh.
  4053 | D:6      | Found a shimmering altar of Xom.
  4194 | D:6      | Reached skill level 6 in Short Blades
  4477 | D:6      | Reached **** piety under Trog
  4617 | D:7      | Found a runed translucent gate.
  4617 | D:7      | Found a runed translucent gate.
  4617 | D:7      | Found a runed translucent gate.
  4618 | D:7      | Found a roughly hewn altar of Beogh.
  4619 | D:7      | Noticed voshxx's ghost (novice DrSu)
  4619 | D:7      | Identified the +12 chain mail of Narcissism {Str+3}
  4775 | D:7      | Reached XP level 9. HP: 76/77 MP: 9/9
  4858 | D:7      | Reached skill level 7 in Short Blades
  5112 | D:7      | Found a hide-covered altar of Uskayaw.
  5359 | D:7      | Killed voshxx's ghost
  5586 | D:8      | Found a hazy altar of Hepliaklqana.
  5618 | D:8      | Noticed a two-headed ogre
  5652 | D:8      | Killed a two-headed ogre
  5653 | D:8      | Reached skill level 8 in Short Blades
  5653 | D:8      | Reached XP level 10. HP: 86/86 MP: 10/10
  6091 | D:8      | Reached skill level 5 in Shields
  6123 | D:8      | Reached skill level 9 in Short Blades
  6177 | D:8      | Found a staircase to the Lair.
  6231 | D:8      | Found an opulent altar of Gozag.
  6469 | Lair:1   | Entered Level 1 of the Lair of Beasts
  6557 | Lair:1   | Noticed a cane toad
  6588 | Lair:1   | Killed a cane toad
  6768 | Lair:1   | Noticed a six-headed hydra
  6789 | Lair:1   | Killed a six-headed hydra
  6790 | Lair:1   | Reached skill level 10 in Short Blades
  6790 | Lair:1   | Reached XP level 11. HP: 97/97 MP: 11/11
  7156 | Lair:1   | Found a hazy altar of Hepliaklqana.
  7160 | Lair:1   | Noticed a six-headed hydra
  7174 | Lair:1   | Killed a six-headed hydra
  7957 | Lair:2   | Found a runed translucent door.
  7959 | Lair:2   | Noticed Zaczunit's ghost (journeyman TrAM)
  8012 | Lair:2   | Killed Zaczunit's ghost
  8013 | Lair:2   | Reached skill level 11 in Short Blades
  8251 | Lair:2   | Identified the +7 morningstar "Ikhoeki" {spect, *Corrode
                  | rN++ Int+4}
  8576 | Lair:3   | Reached skill level 10 in Armour
  8690 | Lair:3   | Reached skill level 10 in Fighting
  8699 | Lair:3   | Reached XP level 12. HP: 106/106 MP: 12/12
  8832 | Lair:3   | Reached skill level 1 in Maces & Flails
  9028 | Lair:3   | Found a staircase to the Swamp.
  9075 | Lair:3   | Found a staircase to the Snake Pit.
  9195 | Snake:1  | Entered Level 1 of the Snake Pit
  9220 | Snake:1  | Noticed Mlioglotl
  9232 | Snake:1  | Noticed an anaconda
  9233 | Snake:1  | Killed Mlioglotl
  9234 | Snake:1  | Reached skill level 5 in Maces & Flails
  9236 | Snake:1  | Killed an anaconda
  9245 | Snake:1  | Slain by a salamander

Illustrated notes

Levels and vault maps discovered:
D:1:      lightli_arrival_flooded_house, layout_loops_ring
D:2:      layout_basic, hellmonk_ecumenical_altar_run_dry,
          kennysheep_generic_room_16
D:3:      layout_rooms, gammafunk_temple_overflow_statue, minmay_snake_closets
D:4:      layout_basic
D:5:      layout_basic, cheibriados_altar_1, mainiacjoe_overflow_paths,
          minmay_temple_entry_hall, ebering_ghost_sewer_f,
          minmay_misc_feat_more_columns, minmay_strange_pillars
D:6:      layout_loops_ring, dk_xom_monty_hall, nemelex_diamond_rough_becter,
          uniq_eustachio
D:7:      layout_rooms, nicolae_uskayaw_murder_on_the_dancefloor,
          biasface_ghost_orc_armoury
D:8:      layout_gridville, nicolae_hepliaklqana_hazy_memory,
          lemuel_round_altar, due_lair_maze_entry_diamond
Temple:   dpeg_three_leaves_temple
Lair:1:   layout_regular_city, basic_altar, st_stairs_12
Lair:2:   layout_regular_city, ebering_ghost_reflecting_pool, st_stairs_3,
          lemuel_fruit_tree, serial_bayou_shore_a
Lair:3:   layout_cellular_growth, swamp_mist_pool, guppyfry_snake_entry_island,
          grunt_megastairs_3
Snake:1:  layout_honeycomb, st_stairs_8, nicolae_snake_snakes_in_the_grass,
          grunt_megastairs_4, uniq_mlioglotl

Skill      XL: |  1  2  3  4  5  6  7  8  9 10 11 12 |
---------------+-------------------------------------+-----
Fighting       | 4 5 6 7 9 10 | 10.8
Short Blades   | 1 2 3 4 5 6 8 10 11 | 11.2
Dodging        | 2 3 4 |  4.9
Armour         | 3 4 5 7 8 10 | 10.6
Stealth        | 1 2 |  2.5
Shields        | 1 2 3 5 7 |  7.7
Maces & Flails | 5 |  5.6
Long Blades    | |  3.6

Action                   |  1- 3 |  4- 6 |  7- 9 | 10-12 || total
-------------------------+-------+-------+-------+-------++-------
Melee: Falchion          |    15 |       |       |       ||    15
       Short sword       |    90 |   265 |   341 |   633 ||  1329
       Morningstar       |       |       |       |    68 ||    68
Invok: Berserk           |     1 |     5 |     8 |     8 ||    22
       Brothers in Arms  |       |       |     1 |     2 ||     3
       Trog's Hand       |       |       |       |     4 ||     4
  Use: Scroll            |     2 |     5 |       |     1 ||     8
       Potion            |     2 |     1 |     6 |     3 ||    12
 Stab: Sleeping          |     1 |       |       |       ||     1
       Invisible         |       |     4 |       |       ||     4
       Distracted        |       |       |       |     2 ||     2
Armor: Animal skin       |    28 |       |       |       ||    28
       Chain mail        |    18 |   184 |   208 |   311 ||   721
       Skin              |     3 |       |       |       ||     3
Dodge: Dodged            |    62 |    97 |   139 |   226 ||   524
Block: Buckler           |       |    26 |    59 |   125 ||   210

Table legend: (Time is in decaauts)
 A = Elapsed time spent in this place.
 B = Non-inter-level travel time spent in this place.
 C = Inter-level travel time spent in this place.
 D = Time resting spent in this place.
 E = Time spent auto-exploring this place.
 F = Levels seen in this place.
 G = Mean time per level.
                   A        B        C        D        E       F      G
               +--------+--------+--------+--------+--------+-----+--------+
         Total |   9118 |   5934 |   3184 |    931 |     96 |  13 |  701.4 |
       Dungeon |   6351 |   4157 |   2194 |    461 |     96 |   8 |  793.9 |
        Temple |     89 |     76 |     13 |      0 |      0 |   1 |   89.0 |
          Lair |   2623 |   1646 |    977 |    464 |      0 |   3 |  874.3 |
     Snake Pit |     54 |     54 |      0 |      5 |      0 |   1 |   54.0 |
               +--------+--------+--------+--------+--------+-----+--------+

Top non-repeatable levels by time:
  Lair:1: 957 daAuts
     D:3: 953 daAuts
     D:8: 933 daAuts
     D:6: 893 daAuts
     D:2: 886 daAuts
  Lair:2: 842 daAuts
  Lair:3: 823 daAuts
     D:7: 810 daAuts
     D:5: 661 daAuts
     D:1: 626 daAuts
     D:4: 587 daAuts
  Temple: 89 daAuts
 Snake:1: 54 daAuts
